 Dungeon Crawl Stone Soup version 0.29.1-15-g9cfb28693d (webtiles) character file.

Game seed: 12849656084128776377

1871 ChrisAssaf the Firebug (level 9, -2/61 HPs)
             Began as a Human Fire Elementalist on Apr 26, 2023.
             Was an Initiate of Ru.
             Succumbed to a kobold brigand's poison
             ... on level 6 of the Dungeon on Apr 27, 2023.
             The game lasted 00:21:55 (6039 turns).

ChrisAssaf the Firebug (Human Fire Elementalist)    Turns: 6039, Time: 00:21:56

Health: -2/61      AC:  7    Str: 12    XL:     9   Next: 35%
Magic:  16/16      EV: 13    Int: 17    God:    Ru [......]
Gold:   343        SH:  5    Dex: 13    Spells: 4/18 levels left

rFire   . . .      SeeInvis .   r - +0 dagger (drain)
rCold   + + .      Faith    .   (no shield)
rNeg    . . .      Spirit   .   a - +2 robe
rPois   .          Reflect  +   (no helmet)
rElec   .          Harm     .   (no cloak)
rCorr   .          Rampage  .   (no gloves)
Will    .....                   f - +2 pair of boots
Stlth   ++........              l - amulet of Quweunao {Reflect Drain rC+ Slay+3 SH+5}
HPRegen 0.20/turn               i - ring of protection from cold
MPRegen 0.15/turn               (no ring)

@: lethally poisoned (-2 -> -19)
A: no striking features
a: Renounce Religion


You were on level 6 of the Dungeon.
You worshipped Ru.
Ru was noncommittal.
You visited 2 branches of the dungeon, and saw 7 of its levels.

You collected 343 gold pieces.

Inventory:

Hand Weapons
 r - a +0 dagger of draining (weapon)
Missiles
 o - 2 datura-tipped darts (quivered)
 v - 2 throwing nets
Armour
 a - a +2 robe (worn)
 f - a +2 pair of boots (worn)
Jewellery
 i - a ring of protection from cold (left hand)
 l - the amulet of Quweunao (around neck) {Reflect Drain rC+ Slay+3 SH+5}
   (You found it on level 2 of the Dungeon)

   [amulet of reflection]

   It reflects blocked missile attacks.
   Slay:      It affects your accuracy & damage with ranged weapons and melee
   (+3).
   rC:        It protects you from cold.
   Drain:     It drains your maximum health when unequipped.
   SH:        It affects your SH (+5).
 n - a ring of protection from cold
Wands
 u - a wand of polymorph (7)
Scrolls
 c - 4 scrolls of teleportation
 e - a scroll of noise
 h - 4 scrolls of silence
 m - a scroll of vulnerability {unknown}
 x - a scroll of blinking
Potions
 d - a potion of invisibility {unknown}
 g - 3 potions of heal wounds
 j - 4 potions of haste {unknown}
 k - 2 potions of brilliance {unknown}
 p - 2 potions of ambrosia {unknown}
 q - 3 potions of flight {unknown}
 s - 3 potions of curing {unknown}


   Skills:
 * Level 2.3 Fighting
 * Level 1.9 Short Blades
 * Level 1.1 Throwing
 * Level 1.8 Armour
 * Level 3.4 Dodging
 * Level 3.6 Stealth
 * Level 5.3 Spellcasting
 * Level 3.5 Conjurations
 * Level 2.4 Hexes
 * Level 2.1 Necromancy
 * Level 5.9 Fire Magic
 * Level 2.3 Ice Magic
 * Level 2.1 Evocations


You had 4 spell levels left.
You knew the following spells:

 Your Spells              Type           Power      Damage    Failure   Level
a - Foxfire               Conj/Fire      80%        2x1d8     1%          1
b - Scorch                Fire           48%        2d7       1%          2
c - Inner Flame           Hex/Fire       18%        N/A       8%          3
d - Freeze                Ice            48%        1d7       5%          1
e - Frozen Ramparts       Ice            24%        1d4       16%         3
f - Flame Wave            Conj/Fire      20%        2d7       21%         4

Your spell library contained the following spells:

 Spells                   Type           Power      Damage    Failure   Level
 Magic Dart               Conj           64%        1d6       3%          1
 Conjure Flame            Conj/Fire      20%        6-21      6%          3
 Call Imp                 Summ           4%         N/A       22%         2
 Mephitic Cloud           Conj/Pois/Air  8%         N/A       26%         3
 Hailstorm                Conj/Ice       14%        3d5       38%         4


Dungeon Overview and Level Annotations

Branches:
Dungeon (6/15)             Temple (1/1) D:6

Altars:
Ashenzari
Cheibriados
Dithmenos
Fedhas
Gozag
Hepliaklqana
Kikubaaqudgha
Makhleb
Nemelex Xobeh
Okawaru
Qazlal
Ru
Sif Muna
Vehumet
Wu Jian
Xom
The Shining One

Shops:
D:1 (

Annotations:
D:2 1 runed translucent door


Message History

Tizbic2's ghost is heavily damaged.
The fiery explosion engulfs you!!!
Ouch! That really hurt!
* * * LOW HITPOINT WARNING * * *
The fiery explosion engulfs the kobold brigand!!!
You kill the kobold brigand!
The kobold brigand throws a poisoned dart.
The poisoned dart hits you!
You are more poisoned.
Your black bear bites the kobold brigand.
Your black bear claws the kobold brigand but does no damage. x2
Your Fighting skill increases to level 2!
Your Spellcasting skill increases to level 5!
Your Ice Magic skill increases to level 2!
You have reached level 9!
Your experience leads to an increase in your attributes!
Increase (S)trength, (I)ntelligence, or (D)exterity?
You feel stronger. x2
You swap places.
* * * LOW HITPOINT WARNING * * *
You feel very sick.
Your hound is engulfed in blazing flames.
Flame seeps out of your hound.
The kobold brigand throws a curare-tipped dart.
The curare-tipped dart barely misses you.
The kobold brigand is engulfed in blazing flames.
You kill the kobold brigand!
Tizbic2's ghost is engulfed in blazing flames.
Tizbic2's ghost barely misses your hound.
Your hound is engulfed in blazing flames.
Your hound's corpse dissolves into shadows!
Your hound explodes!
The fiery explosion engulfs tizbic2's ghost!!
You destroy tizbic2's ghost!
The fiery explosion engulfs the kobold brigand!!
The kobold brigand is almost dead.
Your Throwing skill increases to level 1!
Your Necromancy skill increases to level 2!
Your Evocations skill increases to level 2!
You die...

............##.....### #.........
............#.#...#.# #.........
............#⌠.#.#.⌠# #.........
[...........#K#KK.#.# ##.#####..
............##K§§KK#####...# ##..
.............##§°§##..##...###...
..##########..h§§§.....#.........
..# ##..#h.###.....#.......
..#########.....@.###............
..................##.............
##.#######.................^<....
#.# ##...................... #.##
##..[.)................. #..##
#.......................
##..#####..)...............>....
##.))).....#####...............
##.)..)...# #.......#.###..#


You could see a kobold demonologist, 5 kobold brigands, a friendly black bear
(summoned, inner flame) and a friendly hound (summoned, inner flame).

Vanquished Creatures
  The ghost of tizbic2 the Skirmisher, a novice DEHu of Gozag (D:6)
  A water moccasin (D:6)
  An ice beast (D:6)
  A black bear (D:5)
  2 ogres
  2 phantoms
  3 kobold brigands (D:6)
  A gnoll sergeant (D:6)
  A necrophage (D:6)
  2 scorpions (D:4)
  A hound (D:6)
  4 orc priests (D:6)
  Jessica (D:2)
  2 iguanas (D:6)
  2 orc wizards
  4 gnolls (D:6)
  A river rat (D:6)
  6 adders
  3 white imps
  4 dart slugs
  15 orcs
  6 ball pythons
  7 endoplasms
  2 giant cockroaches
  7 goblins
  6 hobgoblins
  3 quokkas
  4 bats
  2 frilled lizards
  3 kobolds
  5 rats
103 creatures vanquished.

Vanquished Creatures (others)
  42 foxfires
  A fungus (D:2)
43 creatures vanquished.

Grand Total: 146 creatures vanquished

Notes
Turn   | Place    | Note
-------+----------+-------------------------------------------
     0 | D:1      | ChrisAssaf the Human Fire Elementalist began the quest for
                  | the Orb.
     0 | D:1      | Reached XP level 1. HP: 13/13 MP: 3/3
    10 | D:1      | Found Ebiw's Antique Weapon Boutique.
   208 | D:1      | Reached XP level 2. HP: 16/19 MP: 1/5
   211 | D:1      | Learned a level 2 spell: Scorch
   610 | D:2      | Noticed Jessica
   641 | D:2      | Killed Jessica
   642 | D:2      | Reached XP level 3. HP: 1/24 MP: 1/6
  1119 | D:2      | Learned a level 3 spell: Inner Flame
  1238 | D:2      | Found a runed translucent door.
  1314 | D:2      | Reached XP level 4. HP: 30/30 MP: 2/7
  1587 | D:2      | Identified the amulet of Quweunao {Reflect Drain rC+ Slay+3
                  | SH+5}
  1894 | D:2      | Learned a level 1 spell: Freeze
  2137 | D:4      | Noticed a scorpion
  2143 | D:4      | Killed a scorpion
  2144 | D:4      | Reached XP level 5. HP: 35/35 MP: 0/9
  2289 | D:4      | Noticed an ogre
  2326 | D:4      | Killed an ogre
  2327 | D:4      | Reached XP level 6. HP: 41/41 MP: 3/10
  2332 | D:4      | Learned a level 3 spell: Frozen Ramparts
  2799 | D:4      | Reached skill level 1 in Hexes
  3268 | D:4      | Reached skill level 1 in Ice Magic
  3268 | D:4      | Reached XP level 7. HP: 46/47 MP: 7/12
  3543 | D:5      | Entered Level 5 of the Dungeon
  4221 | D:5      | Found a burning altar of Makhleb.
  4223 | D:5      | Found an iron altar of Okawaru.
  4226 | D:5      | Reached skill level 5 in Fire Magic
  4226 | D:5      | Found a sparkling altar of Nemelex Xobeh.
  4226 | D:5      | Found a blossoming altar of Fedhas.
  4227 | D:5      | Found an ornate altar of the Wu Jian Council.
  4227 | D:5      | Found an ancient bone altar of Kikubaaqudgha.
  4346 | D:5      | Reached skill level 1 in Evocations
  4528 | D:6      | Found a staircase to the Ecumenical Temple.
  4543 | Temple   | Entered the Ecumenical Temple
  4556 | Temple   | Became a worshipper of Ru the Awakened
  4580 | D:6      | Reached skill level 1 in Fighting
  4580 | D:6      | Reached skill level 1 in Necromancy
  4580 | D:6      | Reached XP level 8. HP: 41/54 MP: 3/14
  4710 | D:6      | Learned a level 4 spell: Flame Wave
  4714 | D:6      | Found a runed translucent gate.
  4714 | D:6      | Found a runed translucent gate.
  4714 | D:6      | Found a runed translucent gate.
  4725 | D:6      | Noticed tizbic2's ghost (novice DEHu)
  4725 | D:6      | Noticed a kobold demonologist
  4833 | D:6      | Reached skill level 1 in Short Blades
  4833 | D:6      | Reached skill level 1 in Armour
  6038 | D:6      | Reached skill level 5 in Spellcasting
  6038 | D:6      | Reached XP level 9. HP: 7/61 MP: 16/16
  6038 | D:6      | HP: 2/61 [poisoned by a kobold brigand]
  6038 | D:6      | Killed tizbic2's ghost
  6039 | D:6      | Reached skill level 1 in Throwing
  6039 | D:6      | Succumbed to a kobold brigand's poison

Illustrated notes

Levels and vault maps discovered:
D:1:      dpeg_arrival_tiny_g, layout_loops_ring, serial_co_window_serial,
          co_window_of_opportunity_a, co_window_paths_b,
          co_window_of_opportunity_a, co_window_paths_a, co_window_corner_a,
          co_window_broadway_c, co_window_paths_c, co_window_corner_ca,
          co_window_paths_c, co_window_broadway_a, co_window_corner_cb,
          glass_columns_b, glass_columns_b, glass_columns_a, glass_columns_c,
          serial_shops, shop
D:2:      layout_basic, serial_glass, glass_columns_a, glass_columns_a,
          grunt_ministairs_6, minivault_26, uniq_crazy_yiuf_cottage,
          uniq_jessica
D:3:      layout_rooms, dilly_ecumenical_altar_fadedgnrine,
          minmay_snake_closets, uniq_robin
D:4:      layout_loops_corners
D:5:      layout_basic, grunt_temple_overflow_open
D:6:      layout_rooms, minmay_temple_entry_statues,
          gammafunk_ghost_nasty_kobolds
Temple:   hellmonk_temple_two_chambers

Skill      XL: |  1  2  3  4  5  6  7  8  9 |
---------------+----------------------------+-----
Fire Magic     | 4 5 |  5.9
Spellcasting   | 3 4 5 |  5.3
Conjurations   | 2 3 |  3.5
Hexes          | 1 2 |  2.4
Ice Magic      | 1 2 |  2.3
Stealth        | 3 |  3.6
Evocations     | 1 2 |  2.1
Fighting       | 1 2 |  2.3
Necromancy     | 1 2 |  2.1
Short Blades   | 1 |  1.9
Armour         | 1 |  1.8
Dodging        | 3 |  3.4
Throwing       | 1 |  1.1

Action                   |  1- 3 |  4- 6 |  7- 9 || total
-------------------------+-------+-------+-------++-------
Melee: Unarmed           |     1 |       |       ||     1
       Dagger            |       |     4 |    52 ||    56
       Punch             |       |       |     1 ||     1
 Cast: Foxfire           |    10 |     7 |     8 ||    25
       Scorch            |    12 |    37 |    55 ||   104
       Freeze            |       |     7 |     3 ||    10
       Frozen Ramparts   |       |     1 |     4 ||     5
       Inner Flame       |       |       |     3 ||     3
Evoke: Wand              |       |       |     1 ||     1
  Use: Scroll            |     2 |       |    13 ||    15
       Potion            |       |       |     2 ||     2
 Stab: Sleeping          |       |       |     5 ||     5
Armor: Robe              |     1 |    11 |    16 ||    28
Dodge: Dodged            |     7 |    18 |    43 ||    68
Block: Other             |       |       |    14 ||    14
       Reflection        |       |       |     1 ||     1
